SNL (28 & UNDER)
WEST VIRGINIA POWER @ SANTA FE DIABLOS
06/07/2029
 
TOP OF THE 1ST
West Virginia Power batting - Pitching for Santa Fe Diablos : RHP Juan Ochoa
Pitching: RHP Juan Ochoa
Batting: RHB Matt Tucker 0-0: Ball
1-0: Foul Ball, location: 2F
1-1: Called Strike
1-2: Ball
2-2: Ball
3-2: Base on Balls
Batting: LHB Jorge Luna Pickoff Throw to First - Error! E1
Matt Tucker to second
0-0: Ball
1-0: Ball
2-0: Ball
3-0: Base on Balls
Batting: RHB Joe Salas 0-0: Called Strike
0-1: Ball
1-1: Foul Ball, location: 2F
1-2: SINGLE (Groundball, 6MD)
Matt Tucker to third
Jorge Luna to second
Batting: LHB Edward Bennett 0-0: Called Strike
0-1: Called Strike
0-2: Ball
1-2: Ball
2-2: Strikes out swinging
Batting: RHB Luis Quezada 0-0: Ball
1-0: Fly out, F4 (Line Drive, 4M)
Batting: RHB Millard Walker 0-0: Ball
1-0: Ball
2-0: Ball
3-0: Called Strike
Balk!
Matt Tucker scores
Jorge Luna to third
Joe Salas to second
3-1: Base on Balls
Batting: RHB Vaughan Shelton 0-0: Ball
1-0: Fly out, F4 (Line Drive, 4M)
Top of the 1st over - 1 run, 1 hit, 1 error, 3 left on base; West Virginia 1 - Santa Fe 0
BOTTOM OF THE 1ST
Santa Fe Diablos batting - Pitching for West Virginia Power : RHP Tomás Hurtado
Pitching: RHP Tomás Hurtado
Batting: RHB Félix Campos 0-0: Called Strike
0-1: SOLO HOME RUN (Flyball, 78XD), Distance : 394 ft
Batting: RHB Nick Vogel 0-0: Ball
1-0: Ball
2-0: Called Strike
2-1: SINGLE (Groundball, 6M) (infield hit)
Batting: LHB Arturo Rodledo 0-0: Ball
Nick Vogel is caught stealing 2nd base
1-0: Called Strike
1-1: Ball
2-1: Swinging Strike
2-2: Foul Ball, location: 2F
2-2: Strikes out swinging
Batting: RHB Ray Ervin 0-0: Fly out, F5 (Line Drive, 5)
Bottom of the 1st over - 1 run, 2 hits, 0 errors, 0 left on base; West Virginia 1 - Santa Fe 1
TOP OF THE 2ND
West Virginia Power batting - Pitching for Santa Fe Diablos : RHP Juan Ochoa
Batting: RHB Julián Garza 0-0: Called Strike
0-1: Called Strike
0-2: Ball
1-2: Ball
2-2: Ball
3-2: Base on Balls
Batting: RHB Daniel Martínez 0-0: Ball
1-0: Grounds into double play, 6-4-3 (Groundball, 6)
Batting: RHB Matt Tucker 0-0: Called Strike
0-1: Ball
1-1: Ball
2-1: Ball
3-1: Fly out, F9 (Flyball, 9LM)
Top of the 2nd over - 0 runs, 0 hits, 0 errors, 0 left on base; West Virginia 1 - Santa Fe 1
BOTTOM OF THE 2ND
Santa Fe Diablos batting - Pitching for West Virginia Power : RHP Tomás Hurtado
Batting: LHB Juan Torres 0-0: Ball
1-0: Called Strike
1-1: Foul Ball, location: 2F
1-2: Ground out 4-3 (Groundball, 4)
Batting: RHB Frank Martínez 0-0: Foul Ball, location: 2F
0-1: Ball
1-1: Foul Ball, location: 2F
1-2: Foul Ball, location: 2F
1-2: Ground out 5-3 (Groundball, 56)
Batting: RHB David Ward 0-0: Swinging Strike
0-1: Ball
1-1: Fly out, F3 (Popup, 3SF)
Bottom of the 2nd over - 0 runs, 0 hits, 0 errors, 0 left on base; West Virginia 1 - Santa Fe 1
TOP OF THE 3RD
West Virginia Power batting - Pitching for Santa Fe Diablos : RHP Juan Ochoa
Batting: LHB Jorge Luna 0-0: Ball
1-0: Ball
2-0: Ball
3-0: Called Strike
3-1: Base on Balls
Batting: RHB Joe Salas 0-0: Ball
1-0: Called Strike
1-1: Ball
2-1: Foul Ball, location: 2F
2-2: Foul Ball, location: 2F
2-2: Fly out, F3 (Popup, 3F)
Batting: LHB Edward Bennett 0-0: Ball
1-0: Ball
2-0: Swinging Strike
2-1: Swinging Strike
2-2: Strikes out swinging
Batting: RHB Luis Quezada 0-0: Swinging Strike
0-1: Ball
1-1: Ball
2-1: Fielders Choice at 2nd, 5-4 (Groundball, 56)
Top of the 3rd over - 0 runs, 0 hits, 0 errors, 1 left on base; West Virginia 1 - Santa Fe 1
BOTTOM OF THE 3RD
Santa Fe Diablos batting - Pitching for West Virginia Power : RHP Tomás Hurtado
Batting: RHB Carlos Jiménez 0-0: Ball
1-0: Ball
2-0: Ground out 5-3 (Groundball, 56)
Batting: RHB Adam Reeves 0-0: Called Strike
0-1: Swinging Strike
0-2: Ball
1-2: Foul Ball, location: 2F
1-2: Strikes out swinging
Batting: RHB Félix Campos 0-0: Called Strike
0-1: Ball
1-1: Fly out, F9 (Flyball, 9S)
Bottom of the 3rd over - 0 runs, 0 hits, 0 errors, 0 left on base; West Virginia 1 - Santa Fe 1
TOP OF THE 4TH
West Virginia Power batting - Pitching for Santa Fe Diablos : RHP Juan Ochoa
Batting: RHB Millard Walker 0-0: Called Strike
0-1: Ball
1-1: Ball
2-1: Ball
3-1: Foul Ball, location: 2F
3-2: SOLO HOME RUN (Flyball, 7D), Distance : 352 ft
Batting: RHB Vaughan Shelton 0-0: Ground out 6-3 (Groundball, 6MD)
Batting: RHB Julián Garza 0-0: Ball
1-0: Ball
2-0: Ground out 6-3 (Groundball, 6)
Batting: RHB Daniel Martínez 0-0: Swinging Strike
0-1: Swinging Strike
0-2: Fly out, F8 (Flyball, 8RM)
Top of the 4th over - 1 run, 1 hit, 0 errors, 0 left on base; West Virginia 2 - Santa Fe 1
BOTTOM OF THE 4TH
Santa Fe Diablos batting - Pitching for West Virginia Power : RHP Tomás Hurtado
Batting: RHB Nick Vogel 0-0: Ground out 6-3 (Groundball, 6)
Batting: LHB Arturo Rodledo 0-0: Ball
1-0: Foul Ball, location: 2F
1-1: Ball
2-1: Ball
3-1: Swinging Strike
3-2: Foul Ball, location: 2F
3-2: SOLO HOME RUN (Flyball, 9D), Distance : 365 ft
Batting: RHB Ray Ervin 0-0: Foul Ball, location: 2F
0-1: Ball
1-1: SINGLE (Groundball, 6MD)
Batting: LHB Juan Torres 0-0: DOUBLE (Line Drive, 78D)
Ray Ervin to third
Runner from 3rd tries for Home, SAFE, no throw
Batting: RHB Frank Martínez 0-0: Called Strike
0-1: Swinging Strike
0-2: Ball
1-2: Foul Ball, location: 2F
1-2: Ball
2-2: Ball
3-2: DOUBLE (Flyball, 89D)
Juan Torres scores
Batting: RHB David Ward 0-0: Ball
1-0: Ball
2-0: Ball
3-0: Called Strike
3-1: Called Strike
3-2: Base on Balls
Batting: RHB Carlos Jiménez 0-0: Ball
Frank Martínez steals 3rd base
1-0: Foul Ball, location: 2F
1-1: Ball
David Ward is caught stealing 2nd base
2-1: Ball
3-1: Fly out, F8 (Flyball, 8RD)
Bottom of the 4th over - 3 runs, 4 hits, 0 errors, 1 left on base; West Virginia 2 - Santa Fe 4
TOP OF THE 5TH
West Virginia Power batting - Pitching for Santa Fe Diablos : RHP Juan Ochoa
Batting: RHB Matt Tucker 0-0: Swinging Strike
0-1: Foul Ball, location: 2F
0-2: Ball
1-2: Strikes out swinging
Batting: LHB Jorge Luna 0-0: Called Strike
0-1: Foul Ball, location: 2F
0-2: Ball
1-2: Ball
2-2: Ball
3-2: Ground out U3 (Groundball, 34)
Batting: RHB Joe Salas 0-0: Fly out, F9 (Flyball, 9LDF)
Top of the 5th over - 0 runs, 0 hits, 0 errors, 0 left on base; West Virginia 2 - Santa Fe 4
BOTTOM OF THE 5TH
Santa Fe Diablos batting - Pitching for West Virginia Power : RHP Tomás Hurtado
Batting: RHB Adam Reeves 0-0: TRIPLE (Flyball, 89XD)
Batting: RHB Félix Campos 0-0: Called Strike
0-1: Called Strike
0-2: Ball
1-2: Strikes out swinging
Batting: RHB Nick Vogel 0-0: Ball
1-0: Ball
2-0: Called Strike
2-1: SINGLE (Line Drive, 4MD)
Adam Reeves scores
Batting: LHB Arturo Rodledo 0-0: Ball
1-0: Fly out, F5 (Popup, 5SF)
Batting: RHB Ray Ervin 0-0: Ball
1-0: Ground out 5-3 (Groundball, 56S)
Bottom of the 5th over - 1 run, 2 hits, 0 errors, 1 left on base; West Virginia 2 - Santa Fe 5
TOP OF THE 6TH
West Virginia Power batting - Pitching for Santa Fe Diablos : RHP Juan Ochoa
Pitching: RHP Pablo Ortíz
Batting: LHB Edward Bennett 0-0: Called Strike
0-1: Called Strike
0-2: Ball
1-2: SINGLE (Groundball, 4D)
Batting: RHB Luis Quezada 0-0: DOUBLE (Line Drive, 7LM)
Edward Bennett to third
Batting: RHB Millard Walker 0-0: Called Strike
0-1: DOUBLE (Line Drive, 8LXD)
Edward Bennett scores
Luis Quezada scores
Batting: RHB Vaughan Shelton 0-0: Called Strike
0-1: Foul Ball, location: 2F
0-2: Ball
1-2: Ball
2-2: Ground out 6-3 (Groundball, 6)
Batting: RHB Julián Garza 0-0: Ball
1-0: Called Strike
1-1: Ball
2-1: Ground out 4-3 (Groundball, 4)
Millard Walker to third
Batting: RHB Daniel Martínez 0-0: Called Strike
0-1: Ground out 5-3 (Groundball, 56)
Top of the 6th over - 2 runs, 3 hits, 0 errors, 1 left on base; West Virginia 4 - Santa Fe 5
BOTTOM OF THE 6TH
Santa Fe Diablos batting - Pitching for West Virginia Power : RHP Tomás Hurtado
Pitching: RHP Esteban Garza
Batting: LHB Juan Torres 0-0: Called Strike
0-1: Ball
1-1: Foul Ball, location: 2F
1-2: Foul Ball, location: 2F
1-2: Ball
2-2: Ground out 1-3 (Groundball, 13S)
Batting: RHB Frank Martínez 0-0: Called Strike
0-1: Ground out 6-3 (Groundball, 6)
Batting: RHB David Ward 0-0: Called Strike
0-1: SINGLE (Line Drive, 4M)
Batting: RHB Carlos Jiménez 0-0: Ball
1-0: Foul Ball, location: 2F
1-1: Foul Ball, location: 2F
1-2: Ball
2-2: Ball
3-2: Base on Balls
David Ward to second
Batting: RHB Adam Reeves 0-0: Called Strike
0-1: Swinging Strike
0-2: Strikes out swinging
Bottom of the 6th over - 0 runs, 1 hit, 0 errors, 2 left on base; West Virginia 4 - Santa Fe 5
TOP OF THE 7TH
West Virginia Power batting - Pitching for Santa Fe Diablos : RHP Pablo Ortíz
Pitching: RHP Ted Stuart
Now at SS: Tim Adkins
Now in RF: Luis Torres
Batting: RHB Matt Tucker 0-0: Ball
1-0: Ground out 1-3 (Groundball, 13)
Batting: LHB Jorge Luna 0-0: Ball
1-0: Ground out U3 (Groundball, 3)
Batting: RHB Joe Salas 0-0: Ball
1-0: Ball
2-0: Foul Ball, location: 2F
2-1: Ball
3-1: Base on Balls
Batting: LHB Edward Bennett 0-0: SINGLE (Line Drive, 78S)
Joe Salas to second
Batting: RHB Luis Quezada 0-0: Ball
1-0: Fielders Choice at 2nd, 5-4 (Groundball, 5L)
Top of the 7th over - 0 runs, 1 hit, 0 errors, 2 left on base; West Virginia 4 - Santa Fe 5
BOTTOM OF THE 7TH
Santa Fe Diablos batting - Pitching for West Virginia Power : RHP Esteban Garza
Batting: RHB Félix Campos 0-0: Called Strike
0-1: Foul Ball, location: 2F
0-2: Strikes out swinging
Batting: RHB Nick Vogel 0-0: Called Strike
0-1: Foul Ball, location: 2F
0-2: Ball
1-2: SINGLE (Groundball, 56D)
Batting: LHB Arturo Rodledo 0-0: Called Strike
0-1: Ball
1-1: Called Strike
1-2: 2-RUN HOME RUN (Flyball, 78XD), Distance : 407 ft
Pitching: RHP Roberto Marino
Batting: RHB Ray Ervin 0-0: Called Strike
0-1: Foul Ball, location: 2F
0-2: Fly out, F8 (Line Drive, 78D)
Batting: LHB Juan Torres 0-0: Swinging Strike
0-1: Called Strike
0-2: Foul Ball, location: 2F
0-2: Foul Ball, location: 2F
0-2: Ball
1-2: Strikes out swinging
Bottom of the 7th over - 2 runs, 2 hits, 0 errors, 0 left on base; West Virginia 4 - Santa Fe 7
TOP OF THE 8TH
West Virginia Power batting - Pitching for Santa Fe Diablos : RHP Ted Stuart
Batting: RHB Millard Walker 0-0: Ball
1-0: Ball
2-0: Called Strike
2-1: Foul Ball, location: 2F
2-2: Ball
3-2: Foul Ball, location: 2F
3-2: Foul Ball, location: 2F
3-2: Fly out, F4 (Line Drive, 4M)
Batting: RHB Vaughan Shelton 0-0: Ball
1-0: Swinging Strike
1-1: Ball
2-1: Ground out U3 (Groundball, 34)
Batting: RHB Julián Garza 0-0: Called Strike
0-1: Ball
1-1: Swinging Strike
1-2: Ball
2-2: Strikes out swinging
Top of the 8th over - 0 runs, 0 hits, 0 errors, 0 left on base; West Virginia 4 - Santa Fe 7
BOTTOM OF THE 8TH
Santa Fe Diablos batting - Pitching for West Virginia Power : RHP Roberto Marino
Batting: RHB Tim Adkins 0-0: Called Strike
0-1: Called Strike
0-2: Ground out 3-1 (Groundball, 34S)
Batting: LHB Luis Torres 0-0: Ball
1-0: Foul Ball, location: 2F
1-1: Ball
2-1: Ball
3-1: Base on Balls
Batting: RHB Carlos Jiménez 0-0: Swinging Strike
0-1: Called Strike
0-2: Ball
1-2: Ball
2-2: DOUBLE (Line Drive, 7LM)
Luis Torres to third
Runner from 3rd tries for Home, SAFE, no throw
Batting: RHB Adam Reeves 0-0: Ball
1-0: Foul Ball, location: 2F
1-1: Ground out 4-3 (Groundball, 34)
Carlos Jiménez to third
Batting: RHB Félix Campos 0-0: Swinging Strike
0-1: Swinging Strike
0-2: Ball
1-2: Strikes out looking
Bottom of the 8th over - 1 run, 1 hit, 0 errors, 1 left on base; West Virginia 4 - Santa Fe 8
TOP OF THE 9TH
West Virginia Power batting - Pitching for Santa Fe Diablos : RHP Ted Stuart
Batting: RHB Daniel Martínez 0-0: Called Strike
0-1: Foul Ball, location: 2F
0-2: Foul Ball, location: 2F
0-2: Foul Ball, location: 2F
0-2: Ball
1-2: Foul Ball, location: 2F
1-2: Ball
2-2: Strikes out swinging
Batting: RHB Matt Tucker 0-0: Ball
1-0: Ball
2-0: Fly out, F7 (Flyball, 7)
Batting: LHB Jorge Luna 0-0: Ball
1-0: Foul Ball, location: 2F
1-1: Ball
2-1: Fly out, F9 (Flyball, 9D)
Top of the 9th over - 0 runs, 0 hits, 0 errors, 0 left on base; West Virginia 4 - Santa Fe 8
Saturday, December 16th, 2017 - OOTP Baseball 18.8 Build 76